 Dungeon Crawl Stone Soup version 0.31.0-1-g2c135a008e (webtiles) character file.

Game seed: 11053697178240871623

165 qw the Shooter (level 5, -10/40 HPs)
             Began as a Djinni Hunter on Jan 24, 2024.
             Killed from afar by a white imp (15 damage)
             ... with a puff of frost
             ... on level 3 of the Dungeon.
             The game lasted 00:00:10 (2334 turns).

qw the Shooter (Djinni Hunter)                      Turns: 2334, Time: 00:00:10

Health: -10/40     AC:  7    Str: 10    XL:     5   Next: 75%
Gold:   183        EV: 13    Int: 10    God:
                   SH:  0    Dex: 19

rFire   + + .        a - +0 shortbow
rCold   x . .        (shield currently unavailable)
rNeg    . . .        c - +0 leather armour
rPois   inf          (no helmet)
rElec   .            (no cloak)
rCorr   .            (no gloves)
SInv    .            (boots unavailable)
Will    .....        (no amulet)
Stlth   ++           g - +4 ring of protection
HPRegen 0.26/turn    (no ring)
MPRegen 0.00/turn

%: infuse magic (-11 HP)
@: flying
A: sickness immunity, fire resistance 2, cold vulnerability 1, float, innate
caster, HP casting, extra vitality 1
a: no special abilities


You were on level 3 of the Dungeon.
You visited 1 branch of the dungeon, and saw 3 of its levels.

You collected 183 gold pieces.


Innate Abilities, Weirdness & Mutations

You are immune to sickness and miasma.
You are immune to poison.
Your flesh is very heat resistant. (rF++)
You are vulnerable to cold. (rC-)
You float through the air rather than walking.
You learn spells naturally, not from books.
Your magical power is your life essence.
You have superior vitality. (+4 MHP)


   Skills:
 - Level 3.0 Fighting
 + Level 4.7 Ranged Weapons
 - Level 3.1 Dodging
 - Level 0.7 Stealth


You knew the following spells:

 Your Spells              Type           Power      Damage    Failure   Level
a - Shock                 Conj/Air       0%         1d3       45%         1
b - Blink                 Tloc           0%         N/A       61%         2
Your spell library was empty.

Inventory:

Hand Weapons
 a - a +0 shortbow (weapon)
Armour
 c - a +0 leather armour (worn)
Jewellery
 g - a +4 ring of protection (left hand)
Scrolls
 b - a scroll of identify {unknown}
 h - a scroll of fear {unknown}
 j - a scroll of torment {unknown}
Potions
 d - 2 potions of curing
 e - a potion of berserk rage {unknown}
 f - a potion of heal wounds {unknown}
 i - 2 potions of enlightenment {unknown}

Dungeon Overview and Level Annotations

Branches:
Dungeon (3/15)

Altars:

Annotations:
D:3 1 runed translucent door, qw's ghost, amateur DjHu


Message History

The frilled lizard is heavily wounded.
You shoot an arrow. The arrow hits the frilled lizard.
You kill the frilled lizard!
A white imp comes into view.
The white imp shouts, "Bolt, thou peaked tickle-brained bloater!"
You shoot an arrow.
The arrow hits the white imp but does no damage.
You shoot an arrow. The arrow closely misses the white imp.
You shoot an arrow.
The arrow hits the white imp but does no damage.
You shoot an arrow. The arrow hits the white imp.
The white imp is moderately wounded.
You shoot an arrow. The arrow barely misses the white imp.
The white imp hits you but does no damage.
You shoot an arrow. The arrow hits the white imp.
The white imp is severely wounded.
The white imp barely misses you.
You shoot an arrow. The arrow barely misses the white imp.
The white imp gestures at you. The puff of frost misses you.
The white imp gestures at you. The puff of frost hits you!
You feel a terrible chill!
You shoot an arrow.
The arrow completely misses the white imp.
The white imp gestures at you. The puff of frost hits you!
You feel a terrible chill!
You shoot an arrow.
The arrow hits the white imp but does no damage.
The white imp is severely wounded.
The white imp hits you. The white imp freezes you.
You feel a terrible chill!
You shoot an arrow. The arrow hits the white imp.
The white imp is almost dead.
The white imp gestures at you. The puff of frost hits you!
You feel a terrible chill!
You shoot an arrow. The arrow closely misses the white imp.
The white imp misses you.
You shoot an arrow. The arrow barely misses the white imp.
The white imp gestures at you. The puff of frost hits you!
You feel a terrible chill!
You die...

##.#.# ##..#.# ###
#..##.# ##..###.#...#
#...#.#...### #
#.#P#..## ####.#.#P#..#
.......###..############
#..5@................
###...#(##.#.########
#####.#.¤...# #.#¤¤¤¤¤#
#.##¤¤¤## ####¤¤¤# #¤¤¤#
## #.¤¤# #. #.# #¤¤¤#
#####


You could see a white imp.

Vanquished Creatures
  Natasha (D:3)
  Terence (D:3)
  An adder (D:3)
  4 gnolls
  2 ribbon worms (D:2)
  7 endoplasms
  4 giant cockroaches
  4 hobgoblins
  6 jackals
  3 quokkas
  6 ball pythons
  2 bats (D:2)
  5 frilled lizards
  4 goblins
  6 kobolds
  7 rats
63 creatures vanquished.

Notes
Turn   | Place    | Note
-------+----------+-------------------------------------------
     0 | D:1      | qw the Djinni Hunter began the quest for the Orb.
     0 | D:1      | Reached XP level 1. HP: 18/18 MP: 0/0
     0 | D:1      | 0 ||| qw: Version: 0.3-a-136-gdd3b4e8
     0 | D:1      | 0 ||| qw: Game counter: 1327
     0 | D:1      | 0 ||| qw: Melee chars always use a shield: true
     0 | D:1      | 0 ||| qw: God list: Okawaru
     0 | D:1      | 0 ||| qw: Allow faded altars: false
     0 | D:1      | 0 ||| qw: Do Orc after clearing Dungeon:15 true
     0 | D:1      | 0 ||| qw: Do second Lair branch before Depths: true
     0 | D:1      | 0 ||| qw: Lair rune preference: random
     0 | D:1      | 0 ||| qw: Goals: Normal
     0 | D:1      | 0 ||| PLANNING D:1-11
    33 | D:1      | Reached XP level 2. HP: 23/23 MP: 0/0
   294 | D:1      | Reached skill level 4 in Ranged Weapons
   294 | D:1      | Reached XP level 3. HP: 28/28 MP: 0/0
   294 | D:1      | Learned a level 1 spell: Shock
   518 | D:1      | 518 ||| READING 2 scrolls labelled MIGRE MYZU.
   519 | D:1      | 519 ||| READING scroll labelled RIUXTA GYNEULI.
   520 | D:1      | 520 ||| READING scroll labelled HEONEETAJO.
   521 | D:1      | 521 ||| READING scroll labelled ZADAHO FAEK.
   522 | D:1      | 522 ||| DRINKING 2 bubbling white potions.
   523 | D:1      | 523 ||| DROPPING scroll of butterflies.
   524 | D:1      | 524 ||| DROPPING scroll of amnesia.
   551 | D:2      | 551 ||| FLEEEEING.
   553 | D:2      | 553 ||| FLEEEEING.
   554 | D:2      | 554 ||| FLEEEEING.
   555 | D:2      | 555 ||| FLEEEEING.
   556 | D:2      | 556 ||| FLEEEEING.
   557 | D:2      | 557 ||| FLEEEEING.
   559 | D:2      | 559 ||| FLEEEEING.
   574 | D:2      | 574 ||| FLEEEEING.
   575 | D:2      | 575 ||| FLEEEEING.
   576 | D:2      | 576 ||| FLEEEEING.
   577 | D:2      | 577 ||| FLEEEEING.
   578 | D:2      | 578 ||| STAIRDANCE
  1290 | D:2      | 1290 ||| FLEEEEING.
  1336 | D:2      | Reached XP level 4. HP: 34/34 MP: 0/0
  1363 | D:2      | Reached skill level 3 in Fighting
  1547 | D:2      | 1547 ||| DROPPING ring of wizardry.
  1548 | D:2      | 1548 ||| UPGRADING to +4 ring of protection.
  1549 | D:2      | 1549 ||| READING 4 scrolls labelled YSHUOSO GUH MIJE.
  1550 | D:2      | 1550 ||| DROPPING 3 scrolls of immolation.
  1570 | D:3      | Noticed Terence
  1581 | D:3      | Killed Terence
  1582 | D:3      | Reached skill level 3 in Dodging
  1685 | D:3      | Found a runed translucent door.
  1688 | D:3      | Noticed qw's ghost (amateur DjHu)
  1800 | D:3      | Reached XP level 5. HP: 12/40 MP: 0/0
  1800 | D:3      | Learned a level 2 spell: Blink
  1802 | D:3      | 1802 ||| FLEEEEING.
  1803 | D:3      | 1803 ||| FLEEEEING.
  1830 | D:3      | 1830 ||| FLEEEEING.
  1831 | D:3      | 1831 ||| FLEEEEING.
  1832 | D:3      | 1832 ||| FLEEEEING.
  1833 | D:3      | 1833 ||| FLEEEEING.
  1834 | D:3      | 1834 ||| FLEEEEING.
  1835 | D:3      | 1835 ||| FLEEEEING.
  1836 | D:3      | 1836 ||| FLEEEEING.
  1837 | D:3      | 1837 ||| FLEEEEING.
  1838 | D:3      | 1838 ||| FLEEEEING.
  1839 | D:3      | 1839 ||| FLEEEEING.
  1840 | D:3      | 1840 ||| FLEEEEING.
  1841 | D:3      | 1841 ||| FLEEEEING.
  1842 | D:3      | 1842 ||| FLEEEEING.
  1843 | D:3      | 1843 ||| FLEEEEING.
  1844 | D:3      | 1844 ||| FLEEEEING.
  1845 | D:3      | 1845 ||| FLEEEEING.
  1846 | D:3      | 1846 ||| STAIRDANCE
  2122 | D:3      | Noticed Natasha
  2132 | D:3      | Killed Natasha
  2332 | D:3      | HP: 5/40 [white imp/puff of frost (12)]
  2334 | D:3      | Killed from afar by a white imp

Levels and vault maps discovered:
D:1:      eino_arrival_tree_alley, layout_rooms, minmay_heptomino_l4
D:2:      layout_basic, minmay_worlds_worst_comb
D:3:      layout_loops_ring, beargit_hepliaklqana_dungeon_heroes,
          serial_aquarium, aquarium_bridge_straight [aquarium_subvault_bridge,
          aquarium_subvault_wall, aquarium_subvault_bridge,
          aquarium_subvault_window], aquarium_bridge_square
          [aquarium_subvault_bridge, aquarium_subvault_bridge,
          aquarium_subvault_window, aquarium_subvault_wall],
          aquarium_window_corner, aquarium_window_double, aquarium_window_fake,
          aquarium_view_2e, aquarium_view_2a, aquarium_balcony_3b,
          aquarium_pool_1, ebering_ghost_sewer_d, uniq_terence, uniq_natasha

Skill      XL: |  1  2  3  4 |
---------------+-------------+-----
Ranged Weapons | 4 |  4.7
Fighting       | 3 |  3.0
Dodging        | 3 |  3.1
Stealth        | |  0.7

Action                     |  1- 3 |  4- 6 || total
---------------------------+-------+-------++-------
   Fire: Shortbow          |   106 |   109 ||   215
    Use: Scroll            |     4 |     1 ||     5
         Potion            |     1 |       ||     1
 Armour: Leather armour    |    25 |    32 ||    57
  Dodge: Dodged            |    24 |    32 ||    56

Table legend:
 A = Non-vault XP
 B = Vault XP
 C = Vault XP percentage of total XP
 D = Non-vault monster count
 E = Vault monster count
 F = Vault count percentage of total count
                 A         B        C        D         E       F
            +---------+---------+-------+---------+---------+-------
      Total |     156 |      81 |  34.2 |      55 |       8 |  12.7
            +---------+---------+-------+---------+---------+-------
        D:1 |      37 |       3 |   7.5 |      15 |       3 |  16.7
        D:2 |      36 |       6 |  14.3 |      19 |       3 |  13.6
        D:3 |      83 |      72 |  46.5 |      21 |       2 |   8.7
            +---------+---------+-------+---------+---------+-------
